MLB
ARIZONA DIAMONDBACKS @ PHILADELPHIA PHILLIES
08/21/2048
 
TOP OF THE 1ST
Arizona Diamondbacks batting - Pitching for Philadelphia Phillies : RHP Josh Cornishen
Pitching: RHP Josh Cornishen
Batting: RHB Katilimomi Kelekolio 0-0: Called Strike
0-1: Swinging Strike
0-2: Strikes out swinging
Batting: LHB Roy Steigerwald 0-0: Ball
1-0: Bunt for hit to 15 - play at first, batter OUT! 1-3
Batting: SHB Alec Thorpe 0-0: SINGLE (Groundball, 6MD, EV 104.4 MPH)
Batting: LHB Joel Kunkler 0-0: Called Strike
0-1: Hit by Pitch
Alec Thorpe to second
Batting: RHB Andy Swaim 0-0: Called Strike
0-1: Ball
1-1: Ball
2-1: Foul Ball, location: 2F
2-2: Fielders Choice at 2nd, U4 (Groundball, 4M, EV 81.9 MPH)
Top of the 1st over - 0 runs, 1 hit, 0 errors, 2 left on base; Arizona 0 - Philadelphia 0
BOTTOM OF THE 1ST
Philadelphia Phillies batting - Pitching for Arizona Diamondbacks : RHP Marcus Wolfe
Pitching: RHP Marcus Wolfe
Batting: LHB Osamu Kubo 0-0: Ball
1-0: Swinging Strike
1-1: Ground out 4-3 (Groundball, 4, EV 84.4 MPH)
Batting: RHB Quintin Parker 0-0: Swinging Strike
0-1: Foul Ball, location: 2F
0-2: Foul Ball, location: 2F
0-2: SINGLE (Groundball, 6D, EV 104.4 MPH)
Batting: SHB Lance Franklin 0-0: Called Strike
0-1: Swinging Strike
0-2: Strikes out swinging
Batting: RHB Josh Hensley 0-0: 2-RUN HOME RUN (Flyball, 78XD, EV 100.6 MPH), Distance : 408 ft
Batting: LHB Brad Turner 0-0: Ball
1-0: Called Strike
1-1: Fly out, F8 (Flyball, 8RXD, EV 99.4 MPH)
Bottom of the 1st over - 2 runs, 2 hits, 0 errors, 0 left on base; Arizona 0 - Philadelphia 2
TOP OF THE 2ND
Arizona Diamondbacks batting - Pitching for Philadelphia Phillies : RHP Josh Cornishen
Batting: LHB Bobby Arevalo 0-0: Ball
1-0: Called Strike
1-1: TRIPLE (Flyball, 9D, EV 93.1 MPH)
Batting: LHB Jason Peck 0-0: Fly out, F9 (Flyball, 9LSF, EV 91.2 MPH)
Batting: SHB Salvador Aragon 0-0: Ball
1-0: Foul Ball, location: 2F
1-1: Ground out 6-3 (Groundball, 6, EV 86.9 MPH)
Bobby Arevalo scores
Batting: LHB Mike Mentzer 0-0: Called Strike
0-1: Fly out, F4 (Line Drive, 34D, EV 70.6 MPH)
Top of the 2nd over - 1 run, 1 hit, 0 errors, 0 left on base; Arizona 1 - Philadelphia 2
BOTTOM OF THE 2ND
Philadelphia Phillies batting - Pitching for Arizona Diamondbacks : RHP Marcus Wolfe
Batting: LHB Mike Davis 0-0: Called Strike
0-1: Swinging Strike
0-2: Ball
1-2: Ball
2-2: Foul Ball, location: 2F
2-2: Ground out 6-3 (Groundball, 6, EV 85.6 MPH)
Batting: LHB Ryan Trombley 0-0: Ball
1-0: Ball
2-0: Called Strike
2-1: Ball
3-1: Swinging Strike
3-2: Strikes out swinging
Batting: SHB Phuck II 0-0: Called Strike
0-1: SINGLE (Groundball, 3D, EV 110.6 MPH)
Batting: LHB Jim Beaver 0-0: Called Strike
Phuck II is caught stealing 2nd base 2-6
Bottom of the 2nd over - 0 runs, 1 hit, 0 errors, 0 left on base; Arizona 1 - Philadelphia 2
TOP OF THE 3RD
Arizona Diamondbacks batting - Pitching for Philadelphia Phillies : RHP Josh Cornishen
Batting: RHB Katilimomi Kelekolio 0-0: Ball
1-0: Ball
2-0: Called Strike
2-1: Ball
3-1: Base on Balls
Batting: LHB Roy Steigerwald 0-0: Called Strike
0-1: Ball
1-1: Reached on error, E4 (Groundball, 4, EV 106.9 MPH)
Katilimomi Kelekolio to second
Batting: SHB Alec Thorpe 0-0: Called Strike
0-1: Grounds into double play, 5-4-3 (Groundball, 56, EV 101.9 MPH)
Katilimomi Kelekolio to third
Batting: LHB Joel Kunkler 0-0: Called Strike
0-1: Foul Ball, location: 2F
0-2: Strikes out looking
Top of the 3rd over - 0 runs, 0 hits, 1 error, 1 left on base; Arizona 1 - Philadelphia 2
BOTTOM OF THE 3RD
Philadelphia Phillies batting - Pitching for Arizona Diamondbacks : RHP Marcus Wolfe
Batting: LHB Jim Beaver 0-0: Ball
1-0: Ball
2-0: Reached on error, E3 (Groundball, 34, EV 81.9 MPH)
Batting: LHB Osamu Kubo 0-0: Ground out 6-3 (Groundball, 6S, EV 86.9 MPH)
Batting: RHB Quintin Parker 0-0: Ball
1-0: SINGLE (Groundball, 34D, EV 103.1 MPH)
Jim Beaver to third
Batting: SHB Lance Franklin 0-0: Ball
1-0: Ball
2-0: Ball
3-0: Called Strike
3-1: Swinging Strike
3-2: Foul Ball, location: 2F
Balk!
Jim Beaver scores
Quintin Parker to second
3-2: Foul Ball, location: 2F
3-2: Ground out 4-3 (Groundball, 4M, EV 101.9 MPH)
Quintin Parker to third
Batting: RHB Josh Hensley 0-0: Swinging Strike
0-1: Ball
1-1: Swinging Strike
1-2: Ball
2-2: Foul Ball, location: 2F
2-2: Ball
3-2: Ground out 4-3 (Groundball, 34, EV 105.0 MPH)
Bottom of the 3rd over - 1 run, 1 hit, 1 error, 1 left on base; Arizona 1 - Philadelphia 3
TOP OF THE 4TH
Arizona Diamondbacks batting - Pitching for Philadelphia Phillies : RHP Josh Cornishen
Batting: RHB Andy Swaim 0-0: Foul Ball, location: 2F
0-1: Ball
1-1: Called Strike
1-2: Ball
2-2: Ball
3-2: Fly out, F7 (Flyball, 78D, EV 82.5 MPH)
Batting: LHB Bobby Arevalo 0-0: Foul Ball, location: 2F
0-1: Foul Ball, location: 2F
0-2: Foul Ball, location: 2F
0-2: Ball
1-2: Ball
2-2: Foul Ball, location: 2F
2-2: Ball
3-2: SINGLE (Groundball, 34D, EV 106.2 MPH)
Batting: LHB Jason Peck 0-0: Fly out, F5 (Popup, 56, EV 70.6 MPH)
Batting: SHB Salvador Aragon 0-0: Swinging Strike
0-1: Ball
1-1: Ball
2-1: Foul Ball, location: 2F
2-2: Foul Ball, location: 2F
2-2: Foul Ball, location: 2F
2-2: Strikes out swinging
Top of the 4th over - 0 runs, 1 hit, 0 errors, 1 left on base; Arizona 1 - Philadelphia 3
BOTTOM OF THE 4TH
Philadelphia Phillies batting - Pitching for Arizona Diamondbacks : RHP Marcus Wolfe
Batting: LHB Brad Turner 0-0: Called Strike
0-1: Swinging Strike
0-2: Fly out, F2 (Popup, 2LF, EV 88.8 MPH)
Batting: LHB Mike Davis 0-0: Called Strike
0-1: Called Strike
0-2: DOUBLE (Line Drive, 78D, EV 110.6 MPH)
Batting: LHB Ryan Trombley 0-0: Ball
1-0: Foul Ball, location: 2F
1-1: Foul Ball, location: 2F
1-2: Foul Ball, location: 2F
1-2: Ball
2-2: Foul Ball, location: 2F
2-2: Foul Ball, location: 2F
2-2: Ball
3-2: Foul Ball, location: 2F
3-2: DOUBLE (Line Drive, 89XD, EV 105.6 MPH)
Mike Davis scores
Batting: SHB Phuck II 0-0: Called Strike
0-1: Ball
1-1: Swinging Strike
1-2: Strikes out swinging
Batting: LHB Jim Beaver 0-0: Foul Ball, location: 2F
0-1: Swinging Strike
0-2: Foul Ball, location: 2F
0-2: Ball
1-2: 2-RUN HOME RUN (Flyball, 9LD, EV 98.1 MPH), Distance : 357 ft
Pitching: RHP David Mendoza
Batting: LHB Osamu Kubo 0-0: Ball
1-0: Swinging Strike
1-1: Called Strike
1-2: Ball
2-2: Foul Ball, location: 2F
2-2: Foul Ball, location: 2F
2-2: Foul Ball, location: 2F
2-2: Foul Ball, location: 2F
2-2: Strikes out swinging
Bottom of the 4th over - 3 runs, 3 hits, 0 errors, 0 left on base; Arizona 1 - Philadelphia 6
TOP OF THE 5TH
Arizona Diamondbacks batting - Pitching for Philadelphia Phillies : RHP Josh Cornishen
Batting: LHB Mike Mentzer 0-0: Ball
1-0: Called Strike
1-1: SOLO HOME RUN (Flyball, 7D, EV 101.2 MPH), Distance : 382 ft
Batting: RHB Katilimomi Kelekolio 0-0: Foul Ball, location: 2F
0-1: Fly out, F8 (Flyball, 8RM, EV 86.9 MPH)
Batting: LHB Roy Steigerwald 0-0: Ball
1-0: Foul Ball, location: 2F
1-1: Ball
2-1: Ball
3-1: Called Strike
3-2: Base on Balls
Batting: SHB Alec Thorpe 0-0: Ball
Roy Steigerwald steals 2nd base (no throw)
1-0: Ball
2-0: Called Strike
2-1: Foul Ball, location: 2F
2-2: Ball
3-2: Ground out 6-3 (Groundball, 6, EV 86.2 MPH)
Roy Steigerwald to third
Batting: LHB Joel Kunkler 0-0: Called Strike
0-1: Ground out 5-3 (Groundball, 5, EV 100.6 MPH)
Top of the 5th over - 1 run, 1 hit, 0 errors, 1 left on base; Arizona 2 - Philadelphia 6
BOTTOM OF THE 5TH
Philadelphia Phillies batting - Pitching for Arizona Diamondbacks : RHP David Mendoza
Batting: RHB Quintin Parker 0-0: Called Strike
0-1: Swinging Strike
0-2: Ball
1-2: Ball
2-2: Foul Ball, location: 2F
2-2: Strikes out swinging
Batting: SHB Lance Franklin 0-0: Fly out, F7 (Line Drive, 7D, EV 90.6 MPH)
Batting: RHB Josh Hensley 0-0: Ball
1-0: Ball
2-0: DOUBLE (Line Drive, 7LS, EV 96.2 MPH)
Batting: LHB Brad Turner 0-0: DOUBLE (Line Drive, 7LS, EV 93.1 MPH)
Josh Hensley scores
Batting: LHB Mike Davis 0-0: Called Strike
0-1: Ball
1-1: Called Strike
1-2: Strikes out looking
Bottom of the 5th over - 1 run, 2 hits, 0 errors, 1 left on base; Arizona 2 - Philadelphia 7
TOP OF THE 6TH
Arizona Diamondbacks batting - Pitching for Philadelphia Phillies : RHP Josh Cornishen
Pitching: RHP Nick Turner
Batting: RHB Andy Swaim 0-0: Ground out U3 (Groundball, 34, EV 105.6 MPH)
Batting: LHB Bobby Arevalo 0-0: Called Strike
0-1: Foul Ball, location: 2F
0-2: Strikes out swinging
Batting: LHB Jason Peck 0-0: Ball
1-0: Ball
2-0: Called Strike
2-1: Foul Ball, location: 2F
2-2: Ball
3-2: Fly out, F9 (Flyball, 9D, EV 96.2 MPH)
Top of the 6th over - 0 runs, 0 hits, 0 errors, 0 left on base; Arizona 2 - Philadelphia 7
BOTTOM OF THE 6TH
Philadelphia Phillies batting - Pitching for Arizona Diamondbacks : RHP David Mendoza
Batting: LHB Ryan Trombley 0-0: Ground out 4-3 (Groundball, 4MD, EV 97.5 MPH)
Batting: SHB Phuck II 0-0: Called Strike
0-1: Swinging Strike
0-2: Ball
1-2: Fly out, F8 (Flyball, 8LD, EV 98.1 MPH)
Batting: LHB Jim Beaver 0-0: Ball
1-0: Ball
2-0: Called Strike
2-1: Ball
3-1: Base on Balls
Batting: LHB Osamu Kubo 0-0: Ball
1-0: Swinging Strike
1-1: TRIPLE (Line Drive, 89XD, EV 99.4 MPH)
Jim Beaver scores
Batting: RHB Quintin Parker 0-0: Ball
1-0: Foul Ball, location: 2F
1-1: Ball
2-1: Foul Ball, location: 2F
2-2: Fly out, F8 (Flyball, 8RXD, EV 101.2 MPH)
Bottom of the 6th over - 1 run, 1 hit, 0 errors, 1 left on base; Arizona 2 - Philadelphia 8
TOP OF THE 7TH
Arizona Diamondbacks batting - Pitching for Philadelphia Phillies : RHP Nick Turner
Batting: SHB Salvador Aragon 0-0: Called Strike
0-1: Swinging Strike
0-2: Ball
1-2: Strikes out swinging
Batting: LHB Mike Mentzer 0-0: Ball
1-0: Foul Ball, location: 2F
1-1: Foul Ball, location: 2F
1-2: Ball
2-2: Foul Ball, location: 2F
2-2: Fly out, F6 (Popup, 6, EV 65.6 MPH)
Batting: RHB Katilimomi Kelekolio 0-0: Ball
1-0: DOUBLE (Flyball, 8RXD, EV 112.5 MPH)
Batting: LHB Roy Steigerwald 0-0: Swinging Strike
0-1: Ball
1-1: Ball
2-1: Ground out 2-3 (Groundball, 2L, EV 68.8 MPH)
Top of the 7th over - 0 runs, 1 hit, 0 errors, 1 left on base; Arizona 2 - Philadelphia 8
BOTTOM OF THE 7TH
Philadelphia Phillies batting - Pitching for Arizona Diamondbacks : RHP David Mendoza
Batting: SHB Lance Franklin 0-0: Ball
1-0: Called Strike
1-1: SINGLE (Groundball, 3, EV 96.9 MPH)
Pitching: RHP Adam Silbert
Batting: RHB Josh Hensley 0-0: Called Strike
0-1: Called Strike
0-2: SINGLE (Flyball, 3D, EV 94.4 MPH)
Lance Franklin to second
Batting: LHB Brad Turner 0-0: Called Strike
0-1: Foul Ball, location: 2F
0-2: Ball
1-2: Strikes out swinging
Batting: LHB Mike Davis 0-0: Foul Ball, location: 2F
0-1: Swinging Strike
0-2: SINGLE (Groundball, 4MD, EV 96.2 MPH)
Lance Franklin to third
Josh Hensley to second
Runner from 3rd tries for Home, SAFE, throw by CF to home
Batting: LHB Ryan Trombley 0-0: Swinging Strike
0-1: Ball
1-1: Called Strike
1-2: Foul Ball, location: 2F
1-2: Strikes out swinging
Batting: SHB Phuck II 0-0: Called Strike
0-1: Ground out 5-3 (Groundball, 25, EV 84.4 MPH)
Bottom of the 7th over - 1 run, 3 hits, 0 errors, 2 left on base; Arizona 2 - Philadelphia 9
TOP OF THE 8TH
Arizona Diamondbacks batting - Pitching for Philadelphia Phillies : RHP Nick Turner
Batting: SHB Alec Thorpe 0-0: Foul Ball, location: 2F
0-1: SINGLE (Line Drive, 6D, EV 103.8 MPH)
Pitching: RHP Lucas McPhillie
Batting: LHB Joel Kunkler 0-0: Ball
1-0: Called Strike
1-1: Swinging Strike
1-2: Foul Ball, location: 2F
1-2: Strikes out swinging
Pinch Hitting: LHB Kyle Beaulieu 0-0: Reached on error, E4 (Groundball, 4, EV 88.1 MPH)
Alec Thorpe to second
Batting: LHB Bobby Arevalo 0-0: Foul Ball, location: 2F
0-1: Called Strike
0-2: Ball
1-2: Ball
2-2: Fly out, F7 (Flyball, 7LM, EV 86.2 MPH)
Batting: LHB Jason Peck 0-0: Ball
1-0: Foul Ball, location: 2F
1-1: Ball
2-1: Ball
3-1: Base on Balls
Alec Thorpe to third
Kyle Beaulieu to second
Batting: SHB Salvador Aragon 0-0: Ball
1-0: GRAND SLAM HOME RUN (Flyball, 9LD, EV 96.2 MPH), Distance : 354 ft
Pitching: RHP Brian Thomas
Batting: LHB Mike Mentzer 0-0: DOUBLE (Flyball, 78XD, EV 108.8 MPH)
Batting: RHB Katilimomi Kelekolio 0-0: Ball
1-0: Swinging Strike
1-1: Ball
2-1: Fly out, F8 (Flyball, 89S, EV 88.1 MPH)
Top of the 8th over - 4 runs, 3 hits, 1 error, 1 left on base; Arizona 6 - Philadelphia 9
BOTTOM OF THE 8TH
Philadelphia Phillies batting - Pitching for Arizona Diamondbacks : RHP Adam Silbert
Pitching: RHP Gerardo Camacho
Now at 2B: Kyle Beaulieu
Batting: LHB Jim Beaver 0-0: Foul Ball, location: 2F
0-1: Ball
1-1: Foul Ball, location: 2F
1-2: Fly out, F4 (Popup, 4M, EV 68.1 MPH)
Batting: LHB Osamu Kubo 0-0: Ball
1-0: Called Strike
1-1: Foul Ball, location: 2F
1-2: Ball
2-2: Strikes out swinging
Batting: RHB Quintin Parker 0-0: Called Strike
0-1: Swinging Strike
0-2: Strikes out swinging, 2-3 out at first.
Bottom of the 8th over - 0 runs, 0 hits, 0 errors, 0 left on base; Arizona 6 - Philadelphia 9
TOP OF THE 9TH
Arizona Diamondbacks batting - Pitching for Philadelphia Phillies : RHP Brian Thomas
Batting: LHB Roy Steigerwald 0-0: Ball
1-0: Ball
2-0: Called Strike
2-1: Called Strike
2-2: Ball
3-2: Foul Ball, location: 2F
3-2: SOLO HOME RUN (Flyball, 9D, EV 98.8 MPH), Distance : 378 ft
Batting: SHB Alec Thorpe 0-0: Foul Ball, location: 2F
0-1: Fly out, F9 (Flyball, 89M, EV 92.5 MPH)
Batting: LHB Joel Kunkler 0-0: Ball
1-0: Ball
2-0: Called Strike
2-1: Fly out, F9 (Flyball, 9D, EV 96.9 MPH)
Batting: LHB Kyle Beaulieu 0-0: Called Strike
0-1: Foul Ball, location: 2F
0-2: Strikes out swinging
Top of the 9th over - 1 run, 1 hit, 0 errors, 0 left on base; Arizona 7 - Philadelphia 9
Tuesday, March 28th , 2023 - OOTP Baseball 23.10 Build 110